 Dungeon Crawl Stone Soup version 0.23-a0-350-g6fd5563 (webtiles) character file.

82056 Garbasso the Warrior (level 15, -1/104 HPs)
             Began as a Gargoyle Gladiator on Oct 20, 2018.
             Was a High Priest of Okawaru.
             Killed by divine providence
             ... invoked by a meliai
             ... summoned by a boggart
              (15 damage)
             ... on level 15 of the Dungeon.
             The game lasted 01:23:06 (27611 turns).

Garbasso the Warrior (Gargoyle Gladiator)          Turns: 27611, Time: 01:23:06

Health: -1/104     AC: 39    Str: 29    XL:     15   Next: 72%
Magic:  21/21      EV: 16    Int:  9    God:    Okawaru [*****.]
Gold:   1515       SH:  0    Dex: 11    Spells: 14/14 levels left

rFire    . . .     SeeInvis +   i - +0 great mace
rCold    . . .     Gourm    .   (shield currently unavailable)
rNeg     + . .     Faith    .   U - +0 plate armour
rPois    ∞         Spirit   .   D - +1 helmet
rElec    +         Reflect  +   y - +0 cloak
rCorr    +         Harm     .   z - +0 pair of gloves
MR       +....                  R - +0 pair of boots "Piups" {rPois Str+5 SInv}
Stlth    ..........             H - +5 amulet of reflection
HPRegen  0.27/turn              a - ring of resist corrosion
MPRegen  0.17/turn              S - +4 ring of evasion

@: confused, about to teleport, heroism, flying
A: big wings, negative energy resistance 1, electricity resistance, unbreathing,
petrification resistance, rot immunity, AC +11
a: Stop Flying, Heroism, Finesse, Renounce Religion


You were on level 15 of the Dungeon.
You worshipped Okawaru.
Okawaru was extremely pleased with you.
You were not hungry.

You visited 3 branches of the dungeon, and saw 22 of its levels.
You also visited: Ice Cave.

You collected 1515 gold pieces.

Inventory:

Hand Weapons
 g - a +2 flail of protection
 i - a +0 great mace (weapon)
 s - a +3 whip of venom
Missiles
 d - 5 throwing nets {=f}
 k - 12 javelins (quivered)
 M - 6 javelins of penetration
 O - 4 poisoned javelins
Armour
 y - a +0 cloak (worn)
 z - a +0 pair of gloves (worn)
 D - a +1 helmet (worn)
 R - the +0 pair of boots "Piups" (worn) {rPois Str+5 SInv}
   (Okawaru gifted it to you on level 13 of the Dungeon)

   It affects your strength (+5).
   It protects you from poison.
   It lets you see invisible.
 U - a +0 plate armour (worn)
Jewellery
 a - a ring of resist corrosion (left hand)
 H - a +5 amulet of reflection (around neck)
 S - a +4 ring of evasion (right hand)
Wands
 c - a wand of enslavement (10)
 v - a wand of iceblast (45)
 C - a wand of scattershot (3)
 G - a wand of clouds (7)
 K - a wand of paralysis (22)
 Q - a wand of acid (17)
Scrolls
 e - 3 scrolls of teleportation
 h - 2 scrolls of enchant armour
 n - 2 scrolls of fear
 p - 3 scrolls of immolation
 q - 4 scrolls of enchant weapon
 x - 18 scrolls of remove curse
 B - 4 scrolls of magic mapping
 J - a scroll of blinking
 N - 6 scrolls of amnesia
 P - 6 scrolls of identify
 X - a scroll of fog
Potions
 b - a potion of resistance
 j - 7 potions of curing
 l - 5 potions of haste
 m - 5 potions of flight
 o - 3 potions of agility
 r - 2 potions of magic
 t - 5 potions of cancellation
 u - 4 potions of might
 w - 4 potions of invisibility
 E - 4 potions of brilliance
 F - 2 potions of lignification
 I - a potion of berserk rage
 Y - a potion of ambrosia
Miscellaneous
 A - a fan of gales
 V - a phantom mirror
 W - a box of beasts
Comestibles
 f - 43 rations


   Skills:
 + Level 16.2(21.2) Fighting
 * Level 14.7(19.7) Maces & Flails
 - Level 3.2(8.2) Throwing
 + Level 16.1(21.1) Armour
 - Level 2.4(7.4) Dodging
 - Level 8.0 Invocations


You had 14 spell levels left.
You didn't know any spells.
Your spell library contained the following spells:

 Spells                   Type           Power        Failure   Level  Hunger
 Corona                   Hex            #......      85%         1    ##.....
 Sting                    Conj/Pois      #...         85%         1    ##.....
 Ensorcelled Hibernation  Hex/Ice        #.....       94%         2    ###....
 Poisonous Vapours        Pois/Air       #.....       94%         2    ###....
 Shroud of Golubria       Chrm/Tloc      #.........   94%         2    ###....
 Inner Flame              Hex/Fire       #.......     99%         3    ####...
 Mephitic Cloud           Conj/Pois/Air  #.......     99%         3    ####...
 Static Discharge         Conj/Air       #.......     99%         3    ####...
 Vampiric Draining        Necr           #.........   99%         3    ####...
 Olgreb's Toxic Radiance  Pois           #.......     100%        4    #####..
 Bolt of Magma            Conj/Fire/Erth #.........   100%        5    ######.
 Iskenderun's Battlesphe  Conj/Chrm      #.......     100%        5    ######.
 Lightning Bolt           Conj/Air       #.........   100%        5    ######.
 Venom Bolt               Conj/Pois      #.........   100%        5    ######.
 Deflect Missiles         Chrm/Air       #.........   100%        6    #######
 Iron Shot                Conj/Erth      #.........   100%        6    #######
 Orb of Destruction       Conj           #.........   100%        7    #######
 Spellforged Servitor     Conj/Summ      #.........   100%        7    #######
 Ignition                 Fire           #.........   100%        8    #######
 Shatter                  Erth           #.........   100%        9    #######
 Tornado                  Air            #.........   100%        9    #######


Dungeon Overview and Level Annotations

Branches:
Dungeon (15/15)            Temple (1/1) D:4            Lair (6/6) D:9
 Shoals (0/4) Lair:3        Snake (0/4) Lair:4        Slime (0/5) Lair:5
    Orc (0/2) D:11         Vaults (0/5) D:13         Depths (0/5) D:15

Altars:
Ashenzari
Cheibriados
Dithmenos
Elyvilon
Fedhas
Gozag
Hepliaklqana
Kikubaaqudgha
Makhleb
Nemelex Xobeh
Okawaru
Qazlal
Ru
Sif Muna
Trog
Uskayaw
Vehumet
Wu Jian
Xom
Yredelemnul
Zin
The Shining One

Annotations:
D:4 3 runed doors, kirsanium's ghost, novice HOFi
D:5 3 runed doors, MisterFreud's ghost, amateur FeAr
Lair:5 exclusion: oklob plant


Innate Abilities, Weirdness & Mutations

You are resistant to torment.
Your stone body is resilient. (AC +11)
You are immune to poison.
Your large and strong wings let you fly indefinitely.
You resist negative energy. (rN+)
You are resistant to electric shocks. (rElec)
You can survive without breathing.
You are immune to petrification.
You are immune to rotting.


Message History

You feel strangely unstable. The meliai hits you but does no damage.
The meliai barely misses you. The meliai hits you but does no damage.
You block the meliai's attack. x2
The meliai stings you but does no damage.
The meliai hits you but does no damage. You block the meliai's attack.
The meliai closely misses you.
The meliai stings you but does no damage.
The boggart casts a spell.
The boggart blinks!
The boggart mumbles some strange words.
You are confused.
You feel invigorated. The meliai misses you.
The meliai stings you but does no damage.
The meliai hits you but does no damage. The meliai completely misses you.
The meliai hits you but does no damage. The meliai misses you.
The meliai hits you but does no damage. The meliai closely misses you.
The boggart misses you. The meliai misses you. The meliai closely misses you.
The meliai invokes the aid of its god against you.
Something smites you!
You die...

..# #..........#
#.g# #..........#
#..# #..........#
#..# #..........#
#D.# #..........#
#F5# #..........#
#Zg# #..........#
#gy# #..........#
#y@# #..........#
#yH# #..........#
#..####..........##
#..............^...
###################


You could see a fire dragon, a hippogriff, 3 meliai, a bullfrog, 3 boggarts, a
quasit and a centaur warrior zombie.

Vanquished Creatures
  A frost giant (D:11)
  4 dire elephants (Lair:6)
  Snorg (Lair:6)
  Josephine (Lair:5)
  Erolcha (D:12)
  Harold (D:8)
  7 hydras
  An anaconda (Lair:6)
  3 centaur warriors
  3 catoblepae
  2 dancing weapons (D:13)
  6 two-headed ogres
  2 ogre magi
  A tengu warrior (D:15)
  Urug (Lair:1)
  A vampire mage (D:15)
  2 skeletal warriors (D:15)
  3 unseen horrors
  4 wizards
  Pikel (D:8)
  A necromancer (D:15)
  An orc knight (D:15)
  A fire giant zombie (D:15)
  An oklob plant (Lair:6)
  3 cyclopes
  8 ugly things
  3 manticores
  3 deep elf magi
  A wolf spider (D:14)
  A stone giant zombie (D:15)
  4 elephants (Lair:6)
  Maurice (D:9)
  Psyche (D:8)
  3 black mambas
  A gargoyle (D:15)
  A kobold demonologist (D:13)
  10 freezing wraiths (IceCv)
  9 spiny frogs
  2 rime drakes (Lair:1)
  5 komodo dragons
  3 tengu conjurers
  4 trolls
  3 meliai (D:11)
  4 polar bears
  A hornet (D:9)
  8 hippogriffs
  3 slime creatures (D:14)
  12 blink frogs
  A spriggan zombie (D:15)
  A snapping turtle (Lair:3)
  Sigmund (D:3)
  A shadow (D:7)
  8 wraiths
  31 yaks
  A yak (shapeshifter) (D:14)
  6 wyverns
  7 vampire mosquitoes
  A steam dragon (D:13)
  3 hungry ghosts
  Grum (D:9)
  2 death yak simulacra (IceCv)
  A warg (D:15)
  2 nagas (Lair:4)
  An acid dragon (D:13)
  2 soldier ants
  10 water moccasins
  11 porcupines
  2 eyes of draining
  4 sky beasts
  A necrophage (D:13)
  15 ogres
  15 ice beasts
  2 phantoms
  5 orc warriors
  3 black bears
  A boggart (D:15)
  13 centaurs
  4 wolves (D:9)
  14 crocodiles
  4 big kobolds
  11 bullfrogs
  A yaktaur skeleton (D:15)
  7 scorpions
  4 killer bees
  A water moccasin skeleton (D:9)
  2 elephant simulacra (IceCv)
  6 electric eels
  3 wights (D:7)
  2 howler monkeys
  5 crimson imps
  3 centaur zombies
  A draconian simulacrum (IceCv)
  11 hounds
  2 quasits
  5 jellies
  3 bullfrog skeletons
  6 orc priests
  12 orc wizards
  6 centaur skeletons
  Natasha (thrice) (D:4)
  7 iguanas
  17 worker ants
  2 troll simulacra (IceCv)
  A hound zombie (D:5)
  Robin (D:4)
  2 hound skeletons
  A worker ant zombie (D:10)
  15 adders
  11 gnolls
  A naga simulacrum (IceCv)
  3 shadow imps
  8 white imps (IceCv)
  An adder skeleton (D:10)
  4 worms
  3 dart slugs
  14 leopard geckos
  69 orcs
  A ball python (D:3)
  6 bats
  10 giant cockroaches
  16 hobgoblins
  10 jackals
  20 kobolds
  5 quokkas
  7 frilled lizards
  14 goblins
  A leopard gecko skeleton (D:4)
  A quokka skeleton (D:7)
  9 rats
  4 plants (Lair:6)
676 creatures vanquished.

Vanquished Creatures (collateral kills)
  2 spriggan simulacra (IceCv)
  4 white imps (IceCv)
6 creatures vanquished.

Vanquished Creatures (others)
  2 slaves (D:8)
  A howler monkey (D:8)
  2 centaur simulacra (IceCv)
  An ogre simulacrum (IceCv)
  A shadow imp (D:8)
  An adder skeleton (D:7)
  A kobold (D:9)
  A frilled lizard (D:13)
  9 fungi
  4 plants (Lair:6)
23 creatures vanquished.

Grand Total: 705 creatures vanquished

Notes
Turn   | Place    | Note
-------+----------+-------------------------------------------
     0 | D:1      | Garbasso the Gargoyle Gladiator began the quest for the
                  | Orb.
     0 | D:1      | Reached XP level 1. HP: 12/12 MP: 1/1
   123 | D:1      | Reached XP level 2. HP: 12/18 MP: 2/2
   717 | D:1      | Reached skill level 1 in Armour
   888 | D:2      | Reached XP level 3. HP: 17/22 MP: 3/3
  1172 | D:2      | Reached XP level 4. HP: 21/27 MP: 4/4
  1478 | D:2      | Reached XP level 5. HP: 32/32 MP: 5/5
  2152 | D:3      | Noticed Sigmund
  2352 | D:3      | Killed Sigmund
  2352 | D:3      | Reached skill level 5 in Maces & Flails
  2352 | D:3      | Reached XP level 6. HP: 30/38 MP: 6/6
  2724 | D:3      | Reached XP level 7. HP: 37/43 MP: 7/7
  2976 | D:3      | Found a shadowy altar of Dithmenos.
  2977 | D:3      | Found a snail-covered altar of Cheibriados.
  2981 | D:3      | Found a deep blue altar of Sif Muna.
  3023 | D:4      | Found a runed gate.
  3023 | D:4      | Found a runed gate.
  3023 | D:4      | Found a staircase to the Ecumenical Temple.
  3023 | D:4      | Found a runed gate.
  3023 | D:4      | Noticed kirsanium's ghost (novice HOFi)
  3076 | Temple   | Entered the Ecumenical Temple
  3083 | Temple   | Became a worshipper of Warmaster Okawaru
  3728 | D:4      | Noticed Natasha
  3737 | D:4      | Killed Natasha
  3771 | D:4      | Reached * piety under Okawaru
  3771 | D:4      | Reached XP level 8. HP: 15/48 MP: 8/8
  3801 | D:4      | Noticed Natasha
  3817 | D:4      | Killed Natasha
  3817 | D:4      | Reached skill level 5 in Fighting
  4025 | D:4      | Noticed Natasha
  4034 | D:4      | Killed Natasha
  4256 | D:4      | Noticed Robin
  4277 | D:4      | Killed Robin
  4450 | D:5      | Entered Level 5 of the Dungeon
  4518 | D:5      | Found a sparkling altar of Nemelex Xobeh.
  4816 | D:5      | Reached skill level 5 in Armour
  4874 | D:5      | Reached ** piety under Okawaru
  5109 | D:5      | Found a runed gate.
  5109 | D:5      | Found a runed gate.
  5109 | D:5      | Found a runed gate.
  5111 | D:5      | Noticed MisterFreud's ghost (amateur FeAr)
  5709 | D:6      | Found a basalt altar of Yredelemnul.
  5831 | D:6      | Found a white marble altar of Elyvilon.
  5891 | D:6      | Found a shimmering altar of Xom.
  6163 | D:7      | Reached XP level 9. HP: 55/55 MP: 6/9
  6859 | D:7      | Reached skill level 1 in Invocations
  7247 | D:8      | Noticed Pikel
  7277 | D:8      | Killed Pikel
  7277 | D:8      | Reached *** piety under Okawaru
  7277 | D:8      | Reached XP level 10. HP: 63/63 MP: 10/12
  7422 | D:8      | Reached skill level 10 in Maces & Flails
  7531 | D:8      | Noticed Harold
  7554 | D:8      | Killed Harold
  7554 | D:8      | Reached **** piety under Okawaru
  7559 | D:8      | Noticed Psyche
  7565 | D:8      | Killed Psyche
  7912 | D:8      | Received a gift from Okawaru
  8229 | D:9      | Noticed a two-headed ogre
  8355 | D:8      | Killed a two-headed ogre
  8355 | D:8      | Reached ***** piety under Okawaru
  8355 | D:8      | Received a gift from Okawaru
  8355 | D:8      | Reached skill level 5 in Invocations
  8677 | D:9      | Found a staircase to the Lair.
  8709 | D:9      | Received a gift from Okawaru
  8709 | D:9      | Reached XP level 11. HP: 42/69 MP: 11/14
  8983 | D:9      | Found a white marble altar of Elyvilon.
  9543 | D:9      | Noticed Maurice
  9561 | D:9      | Killed Maurice
  9713 | D:9      | Noticed Grum
  9744 | D:9      | Killed Grum
  9982 | Lair:1   | Entered Level 1 of the Lair of Beasts
 10320 | Lair:1   | Noticed Urug
 10323 | Lair:1   | Received a gift from Okawaru
 10367 | Lair:1   | Killed Urug
 10375 | Lair:1   | Received a gift from Okawaru
 11003 | Lair:1   | Reached XP level 12. HP: 77/77 MP: 17/17
 11062 | Lair:1   | Noticed a five-headed hydra
 11086 | Lair:1   | Killed a five-headed hydra
 11086 | Lair:1   | Reached skill level 10 in Fighting
 12294 | Lair:2   | Reached skill level 10 in Armour
 12653 | Lair:2   | Noticed a catoblepas
 12684 | Lair:2   | Killed a catoblepas
 13364 | Lair:3   | Noticed a seven-headed hydra
 13389 | Lair:3   | Killed a seven-headed hydra
 13569 | Lair:3   | Noticed a four-headed hydra
 13580 | Lair:3   | Killed a four-headed hydra
 14120 | Lair:3   | You fall through a shaft for 2 floors!
 14322 | Lair:3   | Found a staircase to the Shoals.
 14349 | Lair:3   | Received a gift from Okawaru
 15086 | Lair:4   | Noticed an eight-headed hydra
 15094 | Lair:4   | Killed an eight-headed hydra
 15094 | Lair:4   | Received a gift from Okawaru
 15119 | Lair:4   | Found a staircase to the Snake Pit.
 15423 | Lair:4   | Reached XP level 13. HP: 71/84 MP: 19/19
 15921 | Lair:5   | Noticed Josephine
 15940 | Lair:5   | Killed Josephine
 16101 | Lair:5   | Found a staircase to the Slime Pits.
 16601 | Lair:6   | Entered Level 6 of the Lair of Beasts
 16854 | Lair:6   | Noticed Snorg
 16869 | Lair:6   | Killed Snorg
 17555 | Lair:6   | Received a gift from Okawaru
 17965 | D:10     | Entered Level 10 of the Dungeon
 18965 | D:11     | Noticed a frost giant
 19264 | D:12     | Gained mutation: Your large and strong wings let you fly
                  | indefinitely. [Gargoyle growth]
 19264 | D:12     | Reached XP level 14. HP: 86/94 MP: 20/20
 19575 | D:12     | Found a frozen archway.
 19625 | IceCv    | Entered an ice cave
 20320 | IceCv    | Found an ancient bone altar of Kikubaaqudgha.
 20835 | D:12     | Noticed Erolcha
 20848 | D:12     | Paralysed by Erolcha for 2 turns
 20861 | D:12     | Killed Erolcha
 22080 | Lair:6   | Received a gift from Okawaru
 22089 | Lair:6   | Noticed a dire elephant
 22106 | Lair:6   | Killed a dire elephant
 22201 | Lair:6   | Noticed a dire elephant
 22201 | Lair:6   | Noticed a dire elephant
 22474 | Lair:6   | Noticed a dire elephant
 22488 | Lair:6   | Killed a dire elephant
 22650 | Lair:6   | Killed a dire elephant
 22838 | Lair:6   | Killed a dire elephant
 22852 | Lair:6   | Got a bloodstained cloak
 22863 | Lair:6   | Identified the -1 cloak "Ewaus" {rElec rPois rN+} (You
                  | found it on level 6 of the Lair of Beasts)
 23084 | D:11     | Killed a frost giant
 23562 | D:11     | Found the +8 Wrath of Trog {antimagic, *Rage}
 23961 | D:11     | Found a staircase to the Orcish Mines.
 24364 | D:13     | Reached skill level 15 in Fighting
 24568 | D:13     | Reached skill level 15 in Armour
 24573 | D:13     | Received a gift from Okawaru
 25092 | D:13     | Identified Ts'ui Pên's Almanac of Forking Paths
 25099 | D:13     | Identified the Tome of Combed Thunderclap
 25150 | D:13     | Identified the Volume of Axaxaxas mlö
 25195 | D:13     | Reached XP level 15. HP: 103/103 MP: 21/21
 25205 | D:13     | Received a gift from Okawaru
 25233 | D:13     | Got a pair of polished boots {god gift}
 25244 | D:13     | Identified the +0 pair of boots "Piups" {rPois Str+5 SInv}
                  | (Okawaru gifted it to you on level 13 of the Dungeon)
 25312 | D:13     | Found a gate to the Vaults.
 25315 | D:13     | Got a smoking chain mail
 25326 | D:13     | Identified the cursed +1 chain mail of Day {Int+2} (You
                  | found it on level 13 of the Dungeon)
 25759 | D:14     | Found a shadowy altar of Dithmenos.
 26375 | D:15     | Entered Level 15 of the Dungeon
 26959 | D:15     | Found a staircase to the Depths.
 27611 | D:15     | Killed from afar by a meliai

Vault maps used:
D:1:      psy_arrival_dodecagon, minivault_25
D:2:      first_ration
D:3:      chequers_temple_overflow_statue_of_worship, uniq_sigmund
D:4:      minmay_temple_entry_statues_pillars, gammafunk_ghost_nasty_kobolds,
          minmay_misc_feat_doors, uniq_robin, uniq_natasha
D:5:      nemelex_xobeh_ov_fountains_minmay, gammafunk_ghost_necromancy,
          minmay_tree_intersection
D:6:      tgw_xom, kennysheep_ying_yang
D:7:      grunt_ogre_cave
D:8:      uniq_psyche, uniq_harold, uniq_pikel
D:9:      erik_lair_island, chequers_big_river, elyvilon_altar_1, uniq_grum,
          uniq_maurice
D:11:     hiddenorc1_lemuel, minmay_three_doors
D:12:     portal_ice_cave_entry_ice_beasts, nicolae_twisting_strands,
          uniq_erolcha
D:13:     lemuel_reptile_caves, erik_vaults_1, bh_hangedman_babel_library
D:14:     serial_rivers, chequers_serial_rivers_micro_d,
          chequers_serial_rivers_micro_c, chequers_serial_rivers_micro_b,
          chequers_serial_rivers_micro_e, nicolae_dithmenos_the_darkroom
D:15:     gammafunk_depths_entry_grave, hangedman_decor_opposing,
          solitary_fountain
Temple:   nicolae_temple_no_exploring_needed
Lair:1:   lemuel_old_faithful, uniq_urug
Lair:3:   minmay_shoals_entry_hut, grunt_megastairs_2
Lair:4:   guppyfry_snake_entry_island, columned_hall_lemuel,
          nicolae_quartered_pool_medium, beast_lair_carwin_3
Lair:5:   minmay_slime_entry_oklob_open, uniq_josephine
Lair:6:   due_jungle_book, uniq_snorg
IceCv:    ice_cave_small_necro

Skill      XL: |  1  2  3  4  5  6  7  8  9 10 11 12 13 14 15 |
---------------+----------------------------------------------+-----
Throwing       | 2 3 |  3.2
Armour         | 1 2 3 4 5 7 8 9 10 13 15 16 | 16.1
Fighting       | 3 4 6 7 8 9 11 13 15 16 | 16.2
Maces & Flails | 4 5 6 8 9 11 12 13 14 | 14.7
Invocations    | 3 5 7 8 |  8.0
Dodging        | |  2.4

Action                   |  1- 3 |  4- 6 |  7- 9 | 10-12 | 13-15 || total
-------------------------+-------+-------+-------+-------+-------++-------
Melee: Flail             |   113 |    41 |    54 |    56 |       ||   264
       Whip              |       |   114 |   462 |   916 |       ||  1492
       Punch             |       |       |     6 |     9 |       ||    15
       Dire flail        |       |       |       |    43 |  1009 ||  1052
       Great mace        |       |       |       |       |   620 ||   620
Throw: Javelin           |     1 |     3 |       |       |    20 ||    24
Invok: Heroism           |       |       |     7 |    23 |    38 ||    68
       Finesse           |       |       |       |     2 |     8 ||    10
 Abil: Fly               |       |       |       |       |     1 ||     1
Evoke: Wand              |       |       |       |     5 |    10 ||    15
  Use: Scroll            |       |       |     8 |    19 |    12 ||    39
       Potion            |       |       |       |     1 |     4 ||     5
 Stab: Petrified         |       |       |       |       |     5 ||     5
       Paralysed         |       |       |       |       |     1 ||     1
  Eat: Chunk             |     1 |     5 |    25 |    13 |    38 ||    82
       Ration            |       |       |       |     1 |     3 ||     4
Armor: Leather armour    |     5 |       |       |       |       ||     5
       Scale mail        |    69 |    73 |   143 |       |       ||   285
       Chain mail        |       |       |   126 |   455 |   113 ||   694
       Plate armour      |       |       |       |       |  1003 ||  1003
Dodge: Dodged            |    81 |    71 |   234 |   325 |   947 ||  1658
Block: Other             |       |       |       |    91 |   345 ||   436
       Reflection        |       |       |       |       |     6 ||     6

Table legend:
 A = Non-vault XP
 B = Vault XP
 C = Vault XP percentage of total XP
 D = Non-vault monster count
 E = Vault monster count
 F = Vault count percentage of total count
                 A         B        C        D         E       F
            +---------+---------+-------+---------+---------+-------
      Total |   83529 |   33695 |  28.7 |     520 |     158 |  23.3
            +---------+---------+-------+---------+---------+-------
        D:1 |      33 |       0 |   0.0 |      19 |       0 |   0.0
        D:2 |     205 |       0 |   0.0 |      31 |       0 |   0.0
        D:3 |     300 |     223 |  42.6 |      36 |       1 |   2.7
        D:4 |     489 |      72 |  12.8 |      24 |      12 |  33.3
        D:5 |     760 |       0 |   0.0 |      21 |       0 |   0.0
        D:6 |     336 |       0 |   0.0 |       8 |       0 |   0.0
        D:7 |    1548 |     121 |   7.2 |      41 |       1 |   2.4
        D:8 |    2602 |    2111 |  44.8 |      34 |       3 |   8.1
        D:9 |    2426 |    1645 |  40.4 |      37 |      12 |  24.5
       D:10 |    2213 |       0 |   0.0 |      16 |       0 |   0.0
       D:11 |    5218 |    3009 |  36.6 |      26 |      18 |  40.9
       D:12 |    6218 |    2078 |  25.0 |      23 |       9 |  28.1
       D:13 |    4351 |    4757 |  52.2 |      35 |      31 |  47.0
       D:14 |    8525 |       0 |   0.0 |      32 |       0 |   0.0
       D:15 |   15416 |    5035 |  24.6 |      41 |       9 |  18.0
     Temple |      46 |       0 |   0.0 |       1 |       0 |   0.0
     Lair:1 |    6462 |     847 |  11.6 |      22 |       1 |   4.3
     Lair:2 |    3916 |       0 |   0.0 |      16 |       0 |   0.0
     Lair:3 |    2433 |     767 |  24.0 |       6 |       5 |  45.5
     Lair:4 |    4038 |    2606 |  39.2 |      15 |      10 |  40.0
     Lair:5 |    1950 |    1334 |  40.6 |       6 |       2 |  25.0
     Lair:6 |   14044 |    4034 |  22.3 |      30 |       6 |  16.7
      IceCv |       0 |    5056 | 100.0 |       0 |      38 | 100.0
            +---------+---------+-------+---------+---------+-------
